 Dungeon Crawl Stone Soup version 0.31-a0-182-gc5ef74bbde (webtiles) character file.

Game seed: 3801617226798769753

36787 Eddy6969 the Reanimator (level 13, -24/78 (81) HPs)
             Began as a Demonspawn Necromancer on June 21, 2023.
             Was a Priest of Vehumet.
             Annihilated by a very large slime creature (60 damage)
             ... on level 12 of the Dungeon.
             The game lasted 01:28:12 (14316 turns).

Eddy6969 the Reanimator (Demonspawn Necromancer)   Turns: 14316, Time: 01:28:13

HP:   -24/78 (81)   AC: 12    Str:  7 (13) XL:     13   Next: 54%
MP:   9/28          EV: 13    Int: 22      God:    Vehumet [***...]
Gold: 343           SH:  0    Dex: 10 (13) Spells: 24/35 levels left

rFire   + + .        e - +4 quarterstaff (chaos)
rCold   x . .        (shield currently unavailable)
rNeg    . . .        o - +2 robe {rF+}
rPois   .            N - +2 helmet
rElec   .            h - +0 cloak
rCorr   .            L - +2 pair of gloves of Gravity {Regen+ Str+4}
SInv    .            (no boots)
Will    +....        O - amulet of magic regeneration
Stlth   ++           w - ring of willpower
HPRegen 1.13/turn    A - ring of fire
MPRegen 0.61/turn

%: no passive effects
@: lightly drained
A: hooves 2, foul stench 3, icemail 1, sharp scales 1, condensation shield,
deterioration 1, frail 1, MP-powered wands
a: Renounce Religion


You were on level 12 of the Dungeon.
You worshipped Vehumet.
Vehumet was most pleased with you.
You visited 3 branches of the dungeon, and saw 14 of its levels.
You also visited: Bailey.

You collected 551 gold pieces.
You spent 208 gold pieces at shops.

Inventory:

Hand Weapons
 e - a +4 quarterstaff of chaos (weapon)
 p - a +2 vampiric spear
 K - a +5 halberd of electrocution
 P - a +1 spectral quarterstaff
Missiles
 f - 7 javelins
 g - 42 poisoned darts
 n - 3 throwing nets
 q - 10 boomerangs
Armour
 h - a +0 cloak (worn)
 o - a +2 robe of fire resistance (worn)
 u - a +0 robe of positive energy
 L - the +2 pair of gloves of Gravity (worn) {Regen+ Str+4}
   (You acquired it on level 9 of the Dungeon)

   Str:       It affects your strength (+4).
   Regen:     It increases your rate of health regeneration.
 N - a +2 helmet (worn)
Magical Staves
 d - a staff of cold
 E - a staff of air
Jewellery
 k - an amulet of reflection
 w - a ring of willpower (left hand)
 A - a ring of fire (right hand)
 O - an amulet of magic regeneration (around neck)
Wands
 r - a wand of mindburst (9)
 z - a wand of charming (24)
Scrolls
 a - a scroll of revelation
 c - 2 scrolls of teleportation
 m - a scroll of brand weapon
 s - a scroll of torment
 t - a scroll of poison
 v - a scroll of fog
 x - 3 scrolls of identify
 y - a scroll of silence
 B - a scroll of vulnerability
 F - a scroll of noise
Potions
 b - 2 potions of magic
 i - 2 potions of enlightenment
 j - a potion of degeneration
 l - 6 potions of haste
 H - 2 potions of resistance
 I - a potion of brilliance
 J - a potion of mutation
 M - 3 potions of invisibility


   Skills:
 + Level 4.9 Fighting
 + Level 2.2(3.9) Polearms
 + Level 5.0(5.3) Staves
 + Level 3.7 Armour
 + Level 5.5 Dodging
 + Level 3.9 Stealth
 + Level 2.0 Shields
 + Level 1.1 Unarmed Combat
 + Level 11.9 Spellcasting
 + Level 6.1 Conjurations
 + Level 3.6 Hexes
 + Level 12.5 Necromancy
 + Level 5.0 Fire Magic
 + Level 1.6 Evocations


You had 24 spell levels left.
You knew the following spells:

 Your Spells              Type           Power      Damage    Failure   Level
a - Necrotise             Necr           100%       1d9       1%          1
b - Vampiric Draining     Necr           62%        2d10      1%          3
c - Foxfire               Conj/Fire      100%       2x1d9     1%          1
d - Tukima's Dance        Hex            29%        N/A       3%          3
e - Inner Flame           Hex/Fire       48%        N/A       1%          3

Your spell library contained the following spells:

 Spells                   Type           Power      Damage    Failure   Level
 Frozen Ramparts          Ice            26%        1d4       4%          3
 Animate Dead             Necr           62%        N/A       1%          4
 Agony                    Necr           62%        N/A       1%          5
 Apportation              Tloc           26%        N/A       4%          1
 Arcjolt                  Conj/Air       13%        1d23      11%         5
 Vhi's Electric Charge    Tloc/Air       26%        N/A       16%         3
 Yara's Violent Unravell  Hex/Tmut       10%        3d6       17%         5
 Animate Armour           Summ/Erth      26%        N/A       45%         4
 Passage of Golubria      Tloc           13%        N/A       45%         4
 Summon Ice Beast         Ice/Summ       13%        N/A       45%         4
 Summon Lightning Spire   Summ/Air       13%        N/A       45%         4
 Simulacrum               Ice/Necr       20%        N/A       52%         6
 Summon Mana Viper        Hex/Summ       21%        N/A       54%         5
 Plasma Beam              Fire/Air       18%        2x1d29    54%         6
 Alistair's Intoxication  Tmut/Pois      8%         N/A       80%         5
 Blade Hands              Tmut           6%         N/A       80%         5
 Monstrous Menagerie      Summ           6%         N/A       100%        7
 Ozocubu's Refrigeration  Ice            6%         4d8       100%        7
 Polar Vortex             Ice            6%         N/A       100%        9


Dungeon Overview and Level Annotations

Branches:
Dungeon (12/15)            Temple (1/1) D:6            Lair (1/5) D:11
    Orc (0/2) D:11         Bailey (visited)

Altars:
Ashenzari
Cheibriados
Dithmenos
Fedhas
Gozag
Hepliaklqana
Kikubaaqudgha
Nemelex Xobeh
Okawaru
Qazlal
Ru
Sif Muna
Trog
Uskayaw
Vehumet
Wu Jian
Xom
Yredelemnul

Shops:
D:6 [   D:8 *   D:9 ((!*?

Annotations:
D:6 3 runed translucent doors, spirit192's ghost, novice MiFi
D:10 Beaer's ghost, journeyman FoHu


Innate Abilities, Weirdness & Mutations

You have hoof-like feet.
You frequently emit foul miasma when damaged in melee.
A meltable icy envelope protects you from harm. (AC +0)
You are partially covered in razor-sharp scales. (AC +1, Slay +1)
A meltable shield of frost defends you. (SH +0)
Your body sometimes deteriorates upon taking damage.
You are frail. (-10% HP)
You expend magic power (3 MP) to strengthen your wands.


Message History

Aim: a howler monkey (heavily wounded, inner flame)
You draw life force from the howler monkey!
Vehumet accepts your kill.
You feel your power returning.
You feel life coursing into your body.
The deep elf pyromancer shouts!
The howler monkey howls!
The howler monkey explodes!
The fiery explosion engulfs you.
Your icy defences dissipate!
You resist.
The fiery explosion engulfs the vampire mosquito!
Flame seeps out of the vampire mosquito.
The vampire mosquito is heavily damaged.
The fiery explosion engulfs the centaur warrior!
The centaur warrior is moderately wounded.
You hear a shout! x3
The vampire mosquito misses you.
The vampire mosquito closely misses you.
The centaur warrior is engulfed in blazing flames.
The very large slime creature closely misses you.
The vampire mosquito closely misses you.
The vampire mosquito bites you!
The vampire mosquito draws strength from your injuries!
You hear a shout!
Unknown command.
Casting: Vampiric Draining (safe; 1% risk of failure)
Confirm with . or Enter, or press ? or * to list all spells.
Aiming: Vampiric Draining (safe; 1% risk of failure)
Press: ? - help, Shift-Dir - straight line, f - centaur warrior
Aim: a centaur warrior (flame, moderately wounded)
You draw life force from the centaur warrior!
You feel life coursing into your body!
The centaur warrior is engulfed in blazing flames.
The centaur warrior hits you! The centaur warrior misses you.
The vampire mosquito closely misses you.
The vampire mosquito bites you!
The vampire mosquito draws strength from your injuries!
You emit a cloud of foul miasma!
The very large slime creature hits you!!!
Ouch! That really hurt!
You die...

..... #e.... ...h..
#h..... .......
##....... #yJ......
##@y§..... #.§c§.....
############.§§......
.....................
...................<.
.....................
.....................
..######.<...###+###.
#.....#


You could see a very large slime creature (inner flame), a centaur warrior, a
deep elf pyromancer, 2 vampire mosquitoes and 2 howler monkeys.

Vanquished Creatures
  Josephine (D:11)
  Harold (D:11)
  Erolcha (D:11)
  3 two-headed ogres
  An ugly thing (D:11)
  A manticore (D:11)
  Maggie (D:10)
  A gargoyle (D:10)
  An unseen horror (D:11)
  6 kobold demonologists
  3 trolls
  A hornet (D:8)
  A slime creature (D:12)
  Grinder (D:3)
  Sigmund (D:2)
  A wyvern (D:9)
  6 yaks (D:10)
  8 wraiths
  2 wargs (D:11)
  An acid dragon (D:11)
  2 dancing weapons (D:11)
  7 orc warriors
  A water moccasin (D:6)
  2 ice beasts
  A tengu (D:8)
  2 black bears (D:6)
  5 ogres
  3 centaurs
  A phantom (D:6)
  5 kobold brigands
  5 gnoll sergeants (D:11)
  5 scorpions
  2 bullfrogs
  5 wights (D:7)
  14 killer bees
  A howler monkey (D:12)
  A hound (D:6)
  4 jellies
  4 orc priests
  Crazy Yiuf (D:2)
  Jessica (D:3)
  3 sleepcaps
  3 iguanas
  11 orc wizards
  Robin (D:2)
  22 gnolls
  3 adders
  A shadow imp (D:8)
  An ufetubus (D:6)
  4 dart slugs
  43 orcs
  6 ball pythons
  6 bats
  7 endoplasms
  24 goblins
  8 hobgoblins
  43 kobolds
  2 quokkas
  7 rats
309 creatures vanquished.

Vanquished Creatures (collateral kills)
  An ogre (D:11)
  A centaur (D:8)
  A kobold brigand (D:11)
  A gnoll sergeant (D:9)
  A gnoll (Bailey)
  2 orcs
  3 goblins
  A frilled lizard (D:1)
  A kobold (D:1)
12 creatures vanquished.

Vanquished Creatures (others)
  Psyche (D:8)
  3 dancing weapons
  An orc wizard (D:7)
  A shadow imp (D:8)
  530 foxfires
536 creatures vanquished.

Grand Total: 857 creatures vanquished

Notes
Turn   | Place    | Note
-------+----------+-------------------------------------------
     0 | D:1      | Eddy6969 the Demonspawn Necromancer began the quest for the
                  | Orb.
     0 | D:1      | Reached XP level 1. HP: 13/13 MP: 3/3
   314 | D:1      | Gained mutation: A meltable shield of frost defends you.
                  | (SH +0) [demonic ancestry]
   314 | D:1      | Reached XP level 2. HP: 19/19 MP: 3/5
   389 | D:1      | Reached skill level 5 in Necromancy
  1115 | D:1      | Reached XP level 3. HP: 24/24 MP: 3/6
  1455 | D:2      | Noticed Robin
  1507 | D:2      | Found a runed translucent door.
  1508 | D:2      | Noticed Crazy Yiuf
  1587 | D:2      | Killed Robin
  1781 | D:2      | Noticed Sigmund
  1787 | D:2      | Killed Sigmund
  1788 | D:2      | Reached skill level 1 in Armour
  1788 | D:2      | Reached skill level 1 in Unarmed Combat
  1788 | D:2      | Gained mutation: A meltable icy envelope protects you from
                  | harm. (AC +0) [demonic ancestry]
  1788 | D:2      | Reached XP level 4. HP: 31/31 MP: 1/8
  1788 | D:2      | Gained mutation: You may rarely emit foul miasma when
                  | damaged in melee. [demonic ancestry]
  1788 | D:2      | Reached XP level 5. HP: 36/36 MP: 1/9
  2876 | D:2      | Killed Crazy Yiuf
  3030 | D:3      | Reached skill level 6 in Necromancy
  3041 | D:3      | Gained mutation: You sometimes emit foul miasma when
                  | damaged in melee. [demonic ancestry]
  3041 | D:3      | Reached XP level 6. HP: 42/42 MP: 3/11
  3167 | D:3      | Noticed Grinder
  3179 | D:3      | Paralysed by Grinder for 4 turns
  3194 | D:3      | Paralysed by Grinder for 3 turns
  3209 | D:3      | Killed Grinder
  3513 | D:3      | Reached skill level 1 in Staves
  3730 | D:3      | Noticed Jessica
  3734 | D:3      | Killed Jessica
  3735 | D:3      | Gained mutation: You have large cloven feet. [demonic
                  | ancestry]
  3735 | D:3      | Reached XP level 7. HP: 47/47 MP: 8/13
  4961 | D:4      | Reached skill level 7 in Necromancy
  5667 | D:5      | Entered Level 5 of the Dungeon
  5673 | D:5      | Reached skill level 1 in Fighting
  5673 | D:5      | Reached skill level 5 in Spellcasting
  5717 | D:5      | Found a blossoming altar of Fedhas.
  5718 | D:5      | Found a snail-covered altar of Cheibriados.
  5720 | D:5      | Found a stormy altar of Qazlal.
  6213 | D:6      | Found Zeemedez's Armour Boutique.
  6238 | D:6      | Bought a +0 pair of gloves for 58 gold pieces
  6269 | D:6      | Gained mutation: You have hoof-like feet. [demonic
                  | ancestry]
  6269 | D:6      | Reached XP level 8. HP: 27/54 MP: 14/16
  6456 | D:6      | Reached skill level 8 in Necromancy
  7106 | D:6      | Found a staircase to the Ecumenical Temple.
  7151 | D:6      | Found a basalt altar of Yredelemnul.
  7203 | D:6      | Found a runed translucent gate.
  7203 | D:6      | Found a runed translucent gate.
  7203 | D:6      | Noticed spirit192's ghost (novice MiFi)
  7204 | D:6      | Found a runed translucent gate.
  7204 | D:6      | Noticed a troll
  7276 | Temple   | Entered the Ecumenical Temple
  7369 | Temple   | Became a worshipper of Vehumet
  7430 | D:6      | Reached skill level 9 in Necromancy
  7560 | D:6      | Gained mutation: You are partially covered in razor-sharp
                  | scales. (AC +1, Slay +1) [demonic ancestry]
  7560 | D:6      | Reached XP level 9. HP: 56/61 MP: 19/19
  7828 | D:7      | Found a flagged portal.
  7841 | Bailey   | Entered a bailey
  8477 | Bailey   | Learned a level 3 spell: Vampiric Draining
  8547 | D:7      | Reached * piety under Vehumet
  8547 | D:7      | Offered knowledge of Foxfire by Vehumet.
  8550 | D:7      | Learned a level 1 spell: Foxfire
  8824 | D:7      | Reached skill level 1 in Conjurations
  9012 | D:7      | Reached skill level 1 in Fire Magic
  9679 | D:8      | Found a sparkling altar of Nemelex Xobeh.
  9767 | D:8      | Found Ciuts's Neck Hole.
  9774 | D:8      | Noticed a two-headed ogre
  9775 | D:8      | Noticed Psyche
  9802 | D:8      | Killed a two-headed ogre
  9803 | D:8      | Reached skill level 10 in Necromancy
  9818 | D:8      | Killed Psyche
  9818 | D:8      | Paralysed by a hornet for 3 turns
  9819 | D:8      | Reached XP level 10. HP: 32/68 MP: 13/22
  9874 | D:8      | Reached ** piety under Vehumet
  9874 | D:8      | Offered knowledge of Sandblast by Vehumet.
 10319 | D:9      | Noticed a two-headed ogre
 10329 | D:9      | Killed a two-headed ogre
 10413 | D:9      | Found Tuliadgh's Weapon Shoppe.
 10486 | D:9      | Found Saraeptai's Antique Weapon Boutique.
 10558 | D:9      | Found Roemm's Distillery.
 10626 | D:9      | Reached skill level 1 in Shields
 10626 | D:9      | Reached skill level 11 in Necromancy
 10877 | D:9      | Found Bewuuxzeabo's Magic Scroll Shoppe.
 10886 | D:9      | Bought 2 scrolls of identify for 60 gold pieces
 10886 | D:9      | Bought a scroll of identify for 30 gold pieces
 10886 | D:9      | Bought a scroll of identify for 30 gold pieces
 10886 | D:9      | Bought a scroll of identify for 30 gold pieces
 10895 | D:9      | Identified a scroll of acquirement
 10961 | D:9      | Acquired the +2 pair of gloves of Gravity {Regen+ Str+4}
 10993 | D:9      | Learned a level 3 spell: Tukima's Dance
 11022 | D:9      | Found Gicw's General Store.
 11142 | D:9      | Found a sacrificial altar of Ru.
 11296 | D:10     | Entered Level 10 of the Dungeon
 11297 | D:10     | Noticed a gargoyle
 11334 | D:10     | Noticed Maggie
 11343 | D:10     | Killed Maggie
 11450 | D:10     | Noticed an orange demon
 11455 | D:10     | Noticed a smoke demon
 11456 | D:10     | Reached skill level 1 in Hexes
 11491 | D:10     | Killed a gargoyle
 11491 | D:10     | Offered knowledge of Inner Flame by Vehumet.
 11492 | D:10     | Reached skill level 10 in Spellcasting
 11516 | D:10     | Noticed Beaer's ghost (journeyman FoHu)
 11751 | D:10     | Reached XP level 11. HP: 50/74 MP: 16/25
 11802 | D:10     | Found a runed translucent door.
 12118 | D:10     | Learned a level 3 spell: Inner Flame
 12626 | D:10     | HP: 1/74 [Beaer's ghost (24)]
 12656 | D:10     | Gained mutation: You frequently emit foul miasma when
                  | damaged in melee. [demonic ancestry]
 12656 | D:10     | Reached XP level 12. HP: 27/83 MP: 20/26
 12661 | D:10     | Gained mutation: You are frail. (-10% HP) [potion of
                  | mutation]
 12661 | D:10     | Gained mutation: You expend magic power (3 MP) to
                  | strengthen your wands. [potion of mutation]
 12661 | D:10     | Gained mutation: Your body sometimes deteriorates upon
                  | taking damage. [potion of mutation]
 12823 | D:11     | Noticed a two-headed ogre
 12836 | D:11     | Killed a two-headed ogre
 12837 | D:11     | Reached skill level 5 in Conjurations
 12859 | D:11     | Reached *** piety under Vehumet
 12866 | D:11     | Reached skill level 5 in Dodging
 12866 | D:11     | Reached skill level 12 in Necromancy
 12866 | D:11     | Reached skill level 1 in Evocations
 12866 | D:11     | Reached XP level 13. HP: 56/81 MP: 26/28
 13273 | D:11     | Noticed Erolcha
 13283 | D:11     | Killed Erolcha
 13362 | D:11     | Offered knowledge of Frozen Ramparts by Vehumet.
 13368 | D:11     | Found a staircase to the Lair.
 13526 | D:11     | Noticed Harold
 13540 | D:11     | Killed Harold
 13541 | D:11     | Reached skill level 5 in Staves
 13711 | D:11     | Found a staircase to the Orcish Mines.
 13791 | D:11     | Noticed Josephine
 13835 | D:11     | Killed Josephine
 13836 | D:11     | Reached skill level 5 in Fire Magic
 14078 | D:11     | Found a radiant altar of Vehumet.
 14244 | Lair:1   | Entered Level 1 of the Lair of Beasts
 14316 | D:12     | Annihilated by a very large slime creature

Illustrated notes

Levels and vault maps discovered:
D:1:      dpeg_arrival_morbid_curiosity, layout_basic
D:2:      layout_basic, uniq_crazy_yiuf_cottage, uniq_sigmund, uniq_robin
D:3:      layout_loops_ring, uniq_jessica, uniq_grinder
D:4:      kennysheep_kobold_camp, layout_basic
D:5:      layout_basic, minitemple, makhleb_blood_cavern_becter,
          chequers_serial_rivers_micro_c
D:6:      layout_cave_pools, kennysheep_ying_yang, amcnicky_altar_gilded,
          temple_green, gammafunk_ghost_split, serial_shops,
          nicolae_shop_getting_attention, minmay_puff
D:7:      layout_basic, enter_bailey_3
D:8:      layout_rooms, nemelex_spade_bored_becter,
          chequers_serial_rivers_small_3, nicolae_shop_sticking_my_neck_out,
          uniq_psyche
D:9:      layout_roguey, nicolae_ru_sacrificial_ziggurat, serial_shops, shop,
          nicolae_shop_bloodbath_and_beyond, nicolae_shop_peninsula, shop,
          nicolae_diamond_shop
D:10:     layout_layer_cave, hellmonk_ghost_happy_afterlife,
          minmay_splitting_lines, uniq_maggie
D:11:     layout_loops_corners, erik_lair_orcish_takeover,
          kennysheep_orc_monster_closet_entryway, eino_tiny_chamber,
          fiery_altar_vehumet, uniq_josephine, uniq_harold, uniq_erolcha
D:12:     minmay_the_grid_triangle_9x9_rhombus_thin_mashed
          [minmay_the_grid_triangle_9x9_sparse_checkered,
          minmay_the_grid_triangle_9x9_prize_top_heavy,
          minmay_the_grid_triangle_9x9_dagger,
          minmay_the_grid_triangle_9x9_from_above], layout_irregular_city
Temple:   nicolae_temple_x_marks_the_god
Lair:1:   layout_gridlike, gammafunk_ghost_berserking_beasts,
          small_statue_intersection

Skill      XL: |  1  2  3  4  5  6  7  8  9 10 11 12 13 |
---------------+----------------------------------------+-----
Necromancy     | 5 6 7 9 10 11 12 | 12.5
Armour         | 1 2 3 |  3.7
Dodging        | 2 3 4 5 |  5.5
Unarmed Combat | 1 |  1.1
Spellcasting   | 3 4 5 7 8 10 11 | 11.9
Stealth        | 2 3 |  3.9
Staves         | 1 2 3 4 5 |  5.0
Fighting       | 1 2 4 |  4.9
Conjurations   | 3 4 5 6 |  6.1
Fire Magic     | 1 2 3 4 5 |  5.0
Shields        | 1 2 |  2.0
Hexes          | 1 2 3 |  3.6
Polearms       | 2 |  2.2
Evocations     | 1 |  1.6

Action                     |  1- 3 |  4- 6 |  7- 9 | 10-12 | 13-15 || total
---------------------------+-------+-------+-------+-------+-------++-------
  Melee: Unarmed           |    77 |       |       |       |       ||    77
         Punch             |     1 |       |       |       |       ||     1
         Quarterstaff      |       |    20 |    54 |   105 |    40 ||   219
         Kick              |       |       |    12 |    32 |    10 ||    54
   Cast: Necrotise         |    66 |    53 |   281 |    16 |    46 ||   462
         Foxfire           |       |       |    66 |   164 |    95 ||   325
         Vampiric Draining |       |       |    12 |    28 |     3 ||    43
         Tukima's Dance    |       |       |       |     9 |     5 ||    14
         Inner Flame       |       |       |       |     2 |    28 ||    30
  Evoke: Wand              |       |       |     1 |     2 |       ||     3
    Use: Scroll            |       |     5 |     6 |    13 |     1 ||    25
         Potion            |       |     1 |     2 |    18 |       ||    21
   Stab: Confused          |       |       |       |     1 |       ||     1
 Armour: Robe              |     1 |       |    60 |   117 |    31 ||   209
         Scale mail        |    39 |    23 |       |       |       ||    62
  Dodge: Dodged            |    30 |    12 |   102 |   158 |    51 ||   353
  Block: Other             |    19 |     1 |    22 |    47 |     7 ||    96

Table legend: (Time is in decaauts)
 A = Elapsed time spent in this place.
 B = Non-inter-level travel time spent in this place.
 C = Inter-level travel time spent in this place.
 D = Time resting spent in this place.
 E = Time spent auto-exploring this place.
 F = Levels seen in this place.
 G = Mean time per level.
                   A        B        C        D        E       F      G
               +--------+--------+--------+--------+--------+-----+--------+
         Total |  14370 |  13741 |    629 |      0 |  11277 |  15 |  958.0 |
       Dungeon |  13623 |  13046 |    577 |      0 |  10766 |  12 | 1135.2 |
        Temple |    104 |     52 |     52 |      0 |     44 |   1 |  104.0 |
          Lair |      5 |      5 |      0 |      0 |      0 |   1 |    5.0 |
        Bailey |    636 |    636 |      0 |      0 |    467 |   1 |  636.0 |
               +--------+--------+--------+--------+--------+-----+--------+

Top non-repeatable levels by time:
     D:2: 1658 daAuts
    D:11: 1597 daAuts
     D:4: 1481 daAuts
     D:6: 1395 daAuts
    D:10: 1388 daAuts
     D:1: 1367 daAuts
     D:7: 1306 daAuts
     D:3: 1169 daAuts
     D:9: 1011 daAuts
     D:8: 670 daAuts
  Bailey: 636 daAuts
     D:5: 546 daAuts
  Temple: 104 daAuts
    D:12: 29 daAuts
  Lair:1: 5 daAuts
